 Dungeon Crawl Stone Soup version 0.26-a0-652-gafc20e3620 (webtiles) character file.

Game seed: 4424214092222324632

2114 ringo67 the Insei (level 9, -4/64 HPs)
             Began as an Octopode Transmuter on Oct 4, 2020.
             Was a Believer of Hepliaklqana.
             Slain by an orc warrior
             ... wielding a +0 war axe
              (11 damage)
             ... in a bailey.
             The game lasted 00:25:42 (11443 turns).

ringo67 the Insei (Octopode Transmuter)            Turns: 11443, Time: 00:25:42

Health: -4/64      AC:  6    Str: 12    XL:     9   Next: 29%
Magic:  6/12       EV: 10    Int: 15    God:    Hepliaklqana [**....]
Gold:   341        SH:  0    Dex: 13    Spells: 7/12 levels left

rFire    x . .     SeeInvis .     - Unarmed
rCold    + + +     Faith    .   (shield currently unavailable)
rNeg     + . .     Spirit   .   (helmet currently unavailable)
rPois    +         Reflect  .   (no amulet)
rElec    .         Harm     .   g - ring of positive energy
rCorr    .         Rampage  .   x - ring of stealth
MR       .....                  (no ring)
Stlth    ++........             (no ring)
HPRegen  0.20/turn              (no ring)
MPRegen  0.13/turn              (no ring)
                                (no ring)
                                (no ring)

@: ice-form, very slightly contaminated
A: large, almost no armour, stealthy swim, amphibious, 8 rings, (constrict 8),
reduced essence
a: End Transformation, Recall Ancestor, Ancestor Identity, Renounce Religion


You were in a bailey.
You worshipped Hepliaklqana.
Hepliaklqana was pleased with you.
You were a creature of crystalline ice.
You visited 1 branch of the dungeon, and saw 7 of its levels.
You also visited: Bailey.

You collected 341 gold pieces.

Inventory:

Missiles
 n - 17 poisoned darts (quivered)
Jewellery
 g - a ring of positive energy (left front paw)
 m - an uncursed amulet of regeneration {unknown}
 x - a ring of stealth (right front paw)
Scrolls
 a - 5 scrolls of identify {unknown}
 c - 6 scrolls of remove curse {unknown}
 h - 5 scrolls of teleportation {unknown}
 p - 2 scrolls of enchant weapon
 y - a scroll of random uselessness {unknown}
Potions
 b - a potion of ambrosia {unknown}
 d - 3 potions of heal wounds {unknown}
 e - 3 potions of haste {unknown}
 f - 2 potions of brilliance {unknown}
 i - a potion of invisibility
 j - 3 potions of curing {unknown}
 q - a potion of degeneration {unknown}
 r - a potion of magic {unknown}
 s - 3 potions of mutation {unknown}
 t - 2 potions of resistance
 u - a potion of might {unknown}
 v - a potion of flight {unknown}


   Skills:
 - Level 5.2 Fighting
 - Level 2.0 Dodging
 - Level 7.3 Unarmed Combat
 - Level 2.0 Spellcasting
 + Level 7.0 Transmutations
 + Level 4.8 Ice Magic


You had 7 spell levels left.
You knew the following spells:

 Your Spells              Type           Power        Failure   Level
a - Beastly Appendage     Tmut           ###...       1%          1
b - Ice Form              Ice/Tmut       ###.....     19%         4

Your spell library contained the following spells:

 Spells                   Type           Power        Failure   Level
 Wereblood                Tmut           ###.....     1%          2
 Spider Form              Tmut/Pois      ##........   16%         3
 Animate Skeleton         Necr           #.....       22%         1
 Apportation              Tloc           #.....       22%         1
 Corona                   Hex            #......      22%         1
 Shock                    Conj/Air       #...         22%         1
 Summon Small Mammal      Summ           #...         22%         1
 Swiftness                Air            #.......     32%         2
 Blade Hands              Tmut           ###.......   34%         5
 Static Discharge         Conj/Air       #.......     54%         3
 Airstrike                Air            #.........   91%         4
 Lightning Bolt           Conj/Air       #.........   99%         5


Dungeon Overview and Level Annotations

Branches:
Dungeon (7/15)             Temple (0/1) D:5          Bailey (1/1)

Altars:
Elyvilon
Fedhas
Gozag
Hepliaklqana
Kikubaaqudgha
Okawaru
Ru
Trog

Shops:
D:7 }

Portals:
Abyss: D:3

Annotations:
D:3 2 transporters, Pooter's ghost, amateur GnWn
D:6 Maggie


Innate Abilities, Weirdness & Mutations

You cannot wear most types of armour.
You are very stealthy in the water. (Stealth+)
You are amphibious.
You can wear up to eight rings at the same time.
((You can use your tentacles to constrict eight enemies at once.))
((Your skin changes colour to match your surroundings (Stealth+).))
((Your rubbery body absorbs attacks. (AC +1, EV +1)))
Your life essence is reduced to manifest your ancestor. (-10% HP)


Message History

Confirm with . or Enter, or press ? or * to list all spells.
The spell is quite dangerous to cast (19% risk of failure)!
Continue anyway?
You turn into a creature of crystalline ice.
The orc warrior hits Bowie with a +0 war axe!
The orc warrior closely misses Bowie.
The orc warrior barely misses Bowie.
The orc warrior closely misses Bowie.
The orc warrior hits you with a +0 war axe!
* * * LOW HITPOINT WARNING * * *
The orc warrior barely misses Bowie.
You hit the orc warrior. You freeze the orc warrior.
The orc warrior is moderately wounded.
The orc warrior hits you with a +0 war axe.
* * * LOW HITPOINT WARNING * * *
The orc warrior hits Bowie with a +0 war axe.
You punch the orc warrior! You freeze the orc warrior.
The orc warrior is severely wounded.
Bowie misses the orc warrior.
The orc warrior hits you with a +0 war axe!
You die...

...###o.
###..)......##....
o###.###
###.###.....###♣♣...
)#.....###
###.....#)#.### ♣♣♣♣
.).......###.......))###
).......).#...........#
..........#...........#
....⌠..)).#.....⌠.....#
........).'....oR.....#
........))#.....Y.....#
.........###.........##
##.....### ###.....###
###.### ###.### ### ###


You could see the friendly Bowie the hexer and an orc warrior.

Vanquished Creatures
  6 orc warriors (Bailey)
  3 ogres
  A centaur (D:5)
  A scorpion (D:6)
  4 wights (D:6)
  A hound (D:6)
  3 orc wizards
  Terence (D:2)
  An iguana (D:5)
  2 worker ants
  10 gnolls
  7 adders
  A shadow imp (D:5)
  A white imp (D:5)
  An ooze (D:2)
  An adder zombie (D:4)
  4 worms
  4 dart slugs
  4 leopard geckos
  22 orcs
  11 bats
  6 giant cockroaches
  12 hobgoblins
  8 jackals
  6 kobolds
  3 quokkas
  9 frilled lizards
  27 goblins
  A leopard gecko zombie (D:6)
  A quokka zombie (D:7)
  7 rats
169 creatures vanquished.

Vanquished Creatures (collateral kills)
  An ice beast (D:6)
  An ogre (D:5)
  A scorpion (D:3)
  A wight (D:6)
  2 orc wizards
  An iguana (D:4)
  A worker ant (D:5)
  An adder (D:3)
  3 gnolls
  A shadow imp (D:5)
  9 orcs
  2 giant cockroaches (D:3)
  7 goblins (Bailey)
  5 hobgoblins (Bailey)
  A bat (D:3)
  A frilled lizard (D:4)
  A kobold (D:3)
39 creatures vanquished.

Vanquished Creatures (others)
  2 hexers
  3 ancestors (D:3)
  5 plants (D:5)
10 creatures vanquished.

Grand Total: 218 creatures vanquished

Notes
Turn   | Place    | Note
-------+----------+-------------------------------------------
     0 | D:1      | ringo67 the Octopode Transmuter began the quest for the
                  | Orb.
     0 | D:1      | Reached XP level 1. HP: 13/13 MP: 3/3
   297 | D:1      | Reached XP level 2. HP: 12/18 MP: 3/5
  1075 | D:2      | Reached XP level 3. HP: 24/24 MP: 6/6
  1469 | D:2      | Reached XP level 4. HP: 29/29 MP: 7/7
  1763 | D:2      | Found a white marble altar of Elyvilon.
  2124 | D:2      | Found an iron altar of Okawaru.
  2877 | D:2      | Found a hazy altar of Hepliaklqana.
  2981 | D:2      | Noticed Terence
  2996 | D:2      | Killed Terence
  2996 | D:2      | Reached XP level 5. HP: 30/35 MP: 8/8
  3157 | D:2      | Became a worshipper of Hepliaklqana the Forgotten
  3762 | D:3      | Found a transporter.
  3765 | D:3      | Found a transporter.
  3769 | D:3      | Noticed a small abomination
  3775 | D:3      | Noticed a big kobold
  3781 | D:3      | Found a one-way gate to the infinite horrors of the Abyss.
  3781 | D:3      | Noticed Pooter's ghost (amateur GnWn)
  3834 | D:3      | Found a blossoming altar of Fedhas.
  3834 | D:3      | Found a sacrificial altar of Ru.
  4089 | D:3      | Reached XP level 6. HP: 28/37 MP: 9/9
  4738 | D:4      | Reached skill level 5 in Unarmed Combat
  5392 | D:4      | Reached XP level 7. HP: 24/41 MP: 8/10
  6164 | D:4      | Reached * piety under Hepliaklqana
  6472 | D:5      | Entered Level 5 of the Dungeon
  6535 | D:5      | Found an opulent altar of Gozag.
  8235 | D:5      | Found a bloodstained altar of Trog.
  8329 | D:5      | Found a staircase to the Ecumenical Temple.
  8342 | D:5      | Reached XP level 8. HP: 24/48 MP: 11/11
  8495 | D:5      | Learned a level 4 spell: Ice Form
  8510 | D:5      | Reached ** piety under Hepliaklqana
  8511 | D:5      | Remembered your ancestor Bowie as a hexer
  8762 | D:6      | Reached skill level 5 in Transmutations
  8886 | D:6      | Reached skill level 1 in Ice Magic
  8920 | D:6      | Noticed Maggie
  9415 | D:6      | Reached skill level 5 in Fighting
  9905 | D:6      | Found an ancient bone altar of Kikubaaqudgha.
  9938 | D:7      | Found Hyniwn's Gadget Boutique.
  9986 | D:7      | Found a flagged portal.
  9997 | Bailey   | Entered a bailey
 10752 | Bailey   | Reached XP level 9. HP: 29/54 MP: 3/12
 11296 | Bailey   | Noticed an orc warlord
 11443 | Bailey   | Slain by an orc warrior

Illustrated notes

Levels and vault maps discovered:
D:1:      kilobyte_arrival_exit_the_forest, layout_basic,
          chequers_serial_rivers_micro_d
D:2:      layout_loops_ring, okawaru_ov_weapons_minmay,
          overflow_temple_1_default, elyvilon_altar_3, uniq_terence
D:3:      layout_loops_ring, chequers_temple_overflow_statue_of_worship,
          gammafunk_ghost_abyssal_escape, minmay_bisected
D:4:      layout_basic
D:5:      layout_loops_ring, lemuel_doored_altar, marbit_many_paths,
          minmay_temple_entry_mist, minmay_lizard_king
D:6:      layout_loops_ring, kennysheep_little_box, uniq_maggie
D:7:      layout_loops_ring, serial_shops, shop, enter_bailey_2
Bailey:   bailey_axe_minmay_hex_keep, bailey

Skill      XL: |  1  2  3  4  5  6  7  8  9 |
---------------+----------------------------+-----
Fighting       | 2 3 4 5 |  5.2
Transmutations | 3 4 6 7 |  7.0
Unarmed Combat | 4 5 6 7 |  7.3
Ice Magic      | 3 4 |  4.8
Dodging        | |  2.0
Spellcasting   | |  2.0

Action                   |  1- 3 |  4- 6 |  7- 9 || total
-------------------------+-------+-------+-------++-------
Melee: Unarmed           |    76 |   176 |   227 ||   479
       Constrict         |    17 |    50 |    50 ||   117
       Tentacles         |    10 |    31 |    29 ||    70
       Punch             |     3 |     9 |    11 ||    23
       Kick              |     2 |    13 |    17 ||    32
Throw: Dart              |       |    14 |    19 ||    33
 Cast: Beastly Appendage |     3 |     7 |     7 ||    17
       Ice Form          |       |       |     5 ||     5
Invok: Ancestor Identity |       |     1 |       ||     1
       Ancestor Life: He |       |       |     1 ||     1
  Use: Scroll            |       |       |     5 ||     5
 Stab: Sleeping          |     4 |     6 |     5 ||    15
       Distracted        |       |       |     6 ||     6
       Confused          |       |       |     2 ||     2
Armor: Skin              |     5 |    14 |     5 ||    24
Dodge: Dodged            |    51 |   103 |   110 ||   264

Table legend: (Time is in decaauts)
 A = Elapsed time spent in this place.
 B = Non-inter-level travel time spent in this place.
 C = Inter-level travel time spent in this place.
 D = Time resting spent in this place.
 E = Time spent auto-exploring this place.
 F = Levels seen in this place.
 G = Mean time per level.
                   A        B        C        D        E       F      G
               +--------+--------+--------+--------+--------+-----+--------+
         Total |  11408 |  11151 |    257 |   5312 |   3834 |   8 | 1426.0 |
       Dungeon |   9976 |   9719 |    257 |   4429 |   3827 |   7 | 1425.1 |
        Bailey |   1431 |   1431 |      0 |    883 |      7 |   1 | 1431.0 |
               +--------+--------+--------+--------+--------+-----+--------+

Top non-repeatable levels by time:
     D:2: 2406 daAuts
     D:5: 2014 daAuts
     D:4: 1826 daAuts
     D:3: 1601 daAuts
  Bailey: 1431 daAuts
     D:6: 1087 daAuts
     D:1: 1011 daAuts
     D:7: 28 daAuts
